 Dungeon Crawl Stone Soup version 0.22.1-1-ga44c0e5 (webtiles) character file.

74 suicidejoker the Skirmisher (level 4, -2/36 HPs)
             Began as a Demonspawn Fighter on Sept 29, 2018.
             Was an Initiate of Cheibriados.
             Killed by nerve-wracking pain
             ... invoked by Grinder
              (11 damage)
             ... on level 4 of the Dungeon.
             The game lasted 00:08:31 (2406 turns).

suicidejoker the Skirmisher (Demonspawn Fighter)    Turns: 2406, Time: 00:08:32

Health: -2/36      AC:  9    Str: 19    XL:     4   Next: 10%
Magic:  4/4        EV:  7    Int: 10    God:    Cheibriados [......]
Gold:   196        SH:  9    Dex: 13    Spells: 3/3 levels left

rFire    . . .     SeeInvis .   b - +2 hunting sling (freeze)
rCold    . . .     Gourm    .   y - +0 shield
rNeg     . . .     Faith    .   g - +0 scale mail
rPois    .         Spirit   .   x - +0 helmet
rElec    .         Reflect  .   (no cloak)
rCorr    .         Harm     .   (no gloves)
MR       .....                  o - +0 pair of boots
Stlth    ..........             (no amulet)
HPRegen  0.12/turn              (no ring)
MPRegen  0.09/turn              (no ring)

@: flying, very slow
A: demonic guardian 1
a: Bend Time, Renounce Religion


You were on level 4 of the Dungeon.
You worshipped Cheibriados.
Cheibriados was noncommittal.
You were very hungry.

You visited 1 branch of the dungeon, and saw 4 of its levels.

You collected 196 gold pieces.

Inventory:

Hand Weapons
 a - a +0 flail
 b - a +2 hunting sling of freezing (weapon)
 q - a +1 dagger of venom
Missiles
 p - 182 stones (quivered)
 r - 21 poisoned needles
 z - 4 tomahawks
Armour
 c - a +0 shield
 g - a +0 scale mail (worn)
 o - a +0 pair of boots (worn)
 x - a +0 helmet (worn)
 y - a +0 shield (worn)
Wands
 u - a wand of enslavement (11)
Scrolls
 e - a scroll of teleportation {unknown}
 h - 3 scrolls of remove curse {unknown}
 i - 2 scrolls of amnesia {unknown}
 j - 2 scrolls of fear {unknown}
 k - 3 scrolls of identify {unknown}
 l - a scroll of enchant weapon {unknown}
 m - a scroll of blinking {unknown}
 w - a scroll of immolation {unknown}
Potions
 d - a potion of might
 s - a potion of resistance {unknown}
 t - a potion of agility {unknown}
 v - a potion of cancellation {unknown}
 A - a potion of lignification {unknown}
 B - a potion of curing {unknown}
Comestibles
 f - 5 rations


   Skills:
 + Level 3.6 Fighting
 + Level 2.5 Maces & Flails
 + Level 3.2 Armour
 + Level 3.2 Shields


You had 3 spell levels left.
You didn't know any spells.
Your spell library was empty.

Dungeon Overview and Level Annotations

Branches:
Dungeon (4/15)
 Temple: D:4-7

Altars:
Cheibriados

Annotations:
D:4 Grinder


Innate Abilities, Weirdness & Mutations

A weak demonic guardian rushes to your aid.


Message History

Grinder hits you.
You writhe in agony.
Your white imp closely misses Grinder.
Grinder hits you.
Your white imp barely misses Grinder.
Grinder hits you but does no damage.
Your white imp hits Grinder.
Your white imp freezes Grinder.
Grinder resists.
Grinder blinks!
Your white imp barely misses Grinder.
Grinder hits your white imp.
Your white imp gestures at Grinder.
The puff of frost hits Grinder.
Grinder resists.
Grinder gestures at you. Pain shoots through your body!
* * * LOW HITPOINT WARNING * * *
Your white imp barely misses Grinder.
You can move again.
Unknown command.
It was a potion of flight.
You feel very buoyant.
You fly up into the air.
Grinder gestures at you. Pain shoots through your body!
You die...

.# .# ... .## #.. ..#
#.. ..# #.#### .P#
#.##.## ..#
#.#.###.#...###.5#
............5@(5(#
.#.###.#...###.......
#.##.## ##.....
#.#### >... #.# ..(
#.# #+# #.### #.#
#...#######
#.#########
###.'...'.#
##.....<....


You could see Grinder, a friendly quasit and a friendly white imp.

Vanquished Creatures
  An ooze (D:2)
  2 worms (D:3)
  A dart slug (D:1)
  3 leopard geckos (D:2)
  2 orcs (D:3)
  5 bats
  4 giant cockroaches
  7 goblins
  8 hobgoblins
  3 jackals (D:1)
  A quokka (D:3)
  A ball python (D:1)
  6 frilled lizards
  2 kobolds
  A leopard gecko zombie (D:3)
  6 rats
53 creatures vanquished.

Notes
Turn   | Place    | Note
-------+----------+-------------------------------------------
     0 | D:1      | suicidejoker the Demonspawn Fighter began the quest for the
                  | Orb.
     0 | D:1      | Reached XP level 1. HP: 18/18 MP: 1/1
   286 | D:1      | Gained mutation: A weak demonic guardian rushes to your
                  | aid. [demonic ancestry]
   286 | D:1      | Reached XP level 2. HP: 8/24 MP: 2/2
  1343 | D:2      | Reached XP level 3. HP: 29/29 MP: 3/3
  1902 | D:3      | Found a snail-covered altar of Cheibriados.
  1923 | D:3      | Became a worshipper of Cheibriados the Contemplative
  2157 | D:3      | Reached XP level 4. HP: 35/35 MP: 4/4
  2393 | D:4      | Noticed Grinder
  2399 | D:4      | Paralysed by Grinder for 7 turns
  2406 | D:4      | Killed from afar by Grinder

Skill      XL: |  1  2 |
---------------+-------+-----
Maces & Flails | 2 |  2.5
Armour         | 3 |  3.2
Shields        | 3 |  3.2
Fighting       | |  3.6

Action                   |  1- 3 |  4- 6 || total
-------------------------+-------+-------++-------
Melee: Flail             |    80 |       ||    80
 Fire: Hunting sling     |    82 |    13 ||    95
  Use: Potion            |       |     1 ||     1
  Eat: Chunk             |     4 |       ||     4
Armor: Scale mail        |    52 |     5 ||    57
Dodge: Dodged            |    41 |       ||    41
Block: Shield            |    45 |     3 ||    48
